cohdb
Replays
Latest Replays
All Replays
Popular Replays
Top Player Replays
Match Explorer
How It Works
Community
CoH3 Stats
Reddit
Sign in to upload your games and track your stats! →
Sign in with Steam
Match 42806530
Unlisted
Match 42806530
Overview
Messages
Build Orders
End
Construct Weapon Support Center
Scout Squad
Selects Heavy Weapons
M1919 Machine Gun Team
M1919 Machine Gun Team
Bazooka Squad
Bazooka Squad
Infantry Support Center
Selects Assault Carriers
M3 Assault Carrier
Construct Barracks
Selects Exchangeable Parts
Engineer Squad
Riflemen Squad
M3 Assault Carrier
Construct Medical Station
Riflemen Squad
M3 Assault Carrier
Advanced Logistics
Engineer Squad
M1918 Browning Automatic Rifles
Grenade Package
Survival Training
M3 Assault Carrier
Selects M26 Pershing Heavy Tank
M26 Pershing Heavy Tank
Franz Kafka
Vengeful One
yitzak
Mustache and Melons
0
0
Comments
sign in to comment!
No comments posted yet!